 Dungeon Crawl Stone Soup version 0.19.1-1-g22dce08 (console) character file.

12929 sose the Destroyer (level 11, -3/72 HPs)
             Began as a High Elf Fire Elementalist on Dec 29, 2016.
             Was a Believer of Ashenzari.
             Hit by a tomahawk thrown by a merfolk (18 damage)
             ... on level 2 of the Lair of Beasts.
             The game lasted 00:59:37 (11676 turns).

sose the Destroyer (High Elf Fire Elementalist)    Turns: 11676, Time: 00:59:38

Health: -3/72      AC:  9    Str:  9    XL:     11   Next: 68%
Magic:  3/24       EV: 16    Int: 22    God:    Ashenzari [**....]
Gold:   379        SH:  7    Dex: 17    Spells: 8 memorised, 5 levels left

rFire  + . .     SeeInvis .     A - +2 whip (elec) (curse)
rCold  . . .     Gourm    .     z - +2 robe {rN+} (curse)
rNeg   + . .     Faith    .     T - +1 buckler (curse)
rPois  .         Spirit   .     (helmet restricted)
rElec  .         Reflect  .     m - +2 cloak
rCorr  .         Harm     .     (no gloves)
MR     +++..                    d - +1 pair of boots
Stlth  ++........               v - amulet of rage
                                B - ring of protection from magic
                                w - ring of protection from magic

@: very slightly contaminated
A: horns 1, fire resistance 1, strong 1
a: Curse Item, Scrying, Renounce Religion, Evoke Berserk Rage


You were on level 2 of the Lair of Beasts.
You worshipped Ashenzari.
Ashenzari was pleased with you.
You were not hungry.

You visited 3 branches of the dungeon, and saw 13 of its levels.
You also visited: Ossuary and Bailey.

You collected 586 gold pieces.
You spent 207 gold pieces at shops.

Inventory:

Hand Weapons
 a - a +0 trident
 A - a cursed +2 whip of electrocution (weapon)
 D - a +0 blowgun
Missiles
 e - 83 poisoned needles
 E - 8 needles of sleeping
 R - 2 throwing nets (quivered)
Armour
 d - a +1 pair of boots (worn)
 m - a +2 cloak (worn)
 z - a cursed +2 robe of positive energy (worn)
 P - a +1 helmet
 T - a cursed +1 buckler (worn)
Jewellery
 f - an uncursed amulet of guardian spirit
 v - an amulet of rage (around neck)
 w - a ring of protection from magic (left hand)
 B - a ring of protection from magic (right hand)
Wands
 o - a wand of heal wounds (0/9)
 y - a wand of slowing (24/48)
 K - a wand of lightning (9/15)
Scrolls
 j - a scroll of teleportation
 s - a scroll of holy word {unknown}
 C - a scroll of enchant armour
 H - 2 scrolls of amnesia
 I - 4 scrolls of magic mapping {unknown}
 L - 2 scrolls of remove curse
 M - a scroll of recharging
 N - a scroll of enchant weapon {unknown}
 S - a scroll of blinking {unknown}
 W - a scroll of torment {unknown}
 X - a scroll of fear {unknown}
Potions
 g - 3 potions of agility
 h - 4 potions of cure mutation
 k - a potion of might
 n - a potion of cancellation
 p - a potion of curing
 q - 5 potions of flight
 r - 2 potions of ambrosia
 t - 2 potions of heal wounds
 x - a potion of resistance
 G - a potion of berserk rage
 O - a potion of brilliance
 U - a potion of haste
Miscellaneous
 l - a phial of floods
Comestibles
 b - a meat ration
 c - 5 bread rations
 u - 14 fruits
 V - 2 royal jellies


   Skills:
 + Level 5.8 Fighting
 + Level 5.3(7.6) Maces & Flails
 - Level 2.6 Polearms
 + Level 6.2 Dodging
 - Level 2.1 Stealth
 - Level 5.5(7.0) Shields
 + Level 8.7 Spellcasting
 + Level 9.3 Conjurations
 - Level 3.0 Hexes
 + Level 8.5 Fire Magic


You had 5 spell levels left.
You knew the following spells:

 Your Spells              Type           Power        Failure   Level  Hunger
a - Flame Tongue          Conj/Fire      #####        1%          1    None
b - Throw Flame           Conj/Fire      #####.       1%          2    None
c - Conjure Flame         Conj/Fire      #####...     1%          3    None
d - Sticky Flame          Conj/Fire      #####...     1%          4    ##.....
e - Confuse               Hex            ###.....     8%          3    None
f - Fireball              Conj/Fire      #####.....   6%          5    #####..
g - Regeneration          Chrm/Necr      #.........   21%         3    None
B - Summon Butterflies    Summ           #.......     10%         1    None


Dungeon Overview and Level Annotations

Branches:
Dungeon (10/15)            Temple (1/1) D:6            Lair (2/6) D:8
  Swamp: Lair:2-4    Shoals: Lair:2-4     Snake: Lair:2-4    Spider: Lair:2-4
    Orc: D:9-12

Altars:
Ashenzari
Cheibriados
Dithmenos
Elyvilon
Fedhas
Gozag
Hepliaklqana
Kikubaaqudgha
Makhleb
Nemelex Xobeh
Okawaru
Qazlal
Ru
Sif Muna
Trog
Uskayaw
Vehumet
Xom
Yredelemnul
Zin
The Shining One

Shops:
D:4 (   D:7 *   D:8 ((


Innate Abilities, Weirdness & Mutations

You have a pair of small horns on your head.
Your flesh is heat resistant. (rF+)
Your muscles are strong. (Str +2)


Message History

Things that are here:
a +0 trident; a merfolk corpse You butcher the merfolk corpse.
i - a chunk of flesh You see here a +0 trident.
Eating a chunk of flesh.
You start eating the chunk of flesh.
This raw flesh tastes terrible.
Casting: Flame Tongue
Confirm with . or Enter, or press ? or * to list all spells.
You miscast Regeneration.
You smell decay.
You start resting.
The merfolk shouts!
The merfolk throws a tomahawk.
The tomahawk hits you but does no damage.
You see here 3 tomahawks.
The merfolk throws a tomahawk.
The tomahawk hits you!
* * * LOW HITPOINT WARNING * * *
You see here 2 tomahawks.
The merfolk throws a tomahawk.
The tomahawk hits you!!
You die...

* *,, ###...#### *
,* #####†.## * ,
##.###(..#* , ,
*####(#m#P..## , *
* *,*#P...((.)..P#*
* , ##.P.##..(P## *
, #(.#####..# , *
,*,
#(######.#####.P ,
#@##.#.#(..?...# *
,* #....>(.......<.
,*#....########P##.
* , ,, , #...## **#
......# * ..P.#.##
#..#..# ≈ ,#.....#*
≈≈ #.P.##


You could see a merfolk.

Vanquished Creatures
  Erolcha (D:9)
  A hydra (Lair:1)
  Nergalle (Lair:1)
  An ugly thing (D:9)
  3 spiny frogs (Lair:1)
  2 merfolk (Lair:2)
  2 trolls
  Grinder (D:4)
  5 blink frogs (Lair:1)
  A wyvern (D:9)
  Sigmund (D:2)
  A basilisk (Lair:1)
  Eustachio (D:6)
  The ghost of flopdemafkees the Magician, an amateur SpCj of Vehumet (D:5)
  A human (D:2)
  7 yaks
  3 porcupines
  5 water moccasins
  4 orc warriors
  2 ice beasts
  A wolf (D:8)
  3 centaurs
  The ghost of flopdemafkees the Chiller, an amateur MfIE (D:3)
  4 crocodiles
  3 big kobolds (D:8)
  Blork the orc (D:4)
  11 bullfrogs
  A wyvern skeleton (D:7)
  5 scorpions
  3 water moccasin zombies (Ossuary)
  5 killer bees
  5 wights (D:7)
  4 electric eels
  3 howler monkeys
  A crimson imp (D:7)
  A bullfrog zombie (D:7)
  3 jellies
  2 bullfrog skeletons
  2 centaur zombies
  10 hounds
  A gnoll shaman (D:7)
  4 orc priests
  2 iguanas
  9 orc wizards
  8 worker ants
  A killer bee zombie (D:6)
  4 big kobold zombies (Ossuary)
  A hound zombie (D:9)
  2 mummies (Ossuary)
  7 gnolls
  13 adders
  A howler monkey skeleton (D:8)
  A shadow imp (D:8)
  An ooze (D:4)
  11 adder zombies
  3 adder skeletons
  2 worms
  3 dart slugs
  4 leopard geckos
  18 orcs
  8 giant cockroaches
  A gnoll zombie (Ossuary)
  8 goblins
  9 hobgoblins
  8 jackals
  22 kobolds
  4 quokkas
  6 bats
  4 frilled lizards
  2 giant cockroach zombies
  A goblin zombie (D:7)
  4 hobgoblin zombies (Ossuary)
  A kobold skeleton (D:2)
  2 kobold zombies (Ossuary)
  2 orc zombies (Ossuary)
  2 quokka zombies
  4 rats
297 creatures vanquished.

Vanquished Creatures (others)
  3 fungi (Lair:2)
3 creatures vanquished.

Grand Total: 300 creatures vanquished

Notes
Turn   | Place    | Note
-------+----------+-------------------------------------------
     0 | D:1      | sose the High Elf Fire Elementalist began the quest for the Orb.
     0 | D:1      | Reached XP level 1. HP: 11/11 MP: 4/4
   258 | D:1      | Reached skill level 2 in Conjurations
   341 | D:1      | Reached XP level 2. HP: 17/17 MP: 0/6
   619 | D:1      | Learned a level 2 spell: Throw Flame
   702 | D:1      | Reached skill level 3 in Conjurations
   995 | D:2      | Reached XP level 3. HP: 21/21 MP: 5/7
  1091 | D:2      | Learned a level 3 spell: Conjure Flame
  1091 | D:2      | Noticed Sigmund
  1099 | D:2      | Killed Sigmund
  1099 | D:2      | Reached skill level 4 in Conjurations
  1099 | D:2      | Reached XP level 4. HP: 27/27 MP: 2/10
  1099 | D:2      | Reached XP level 5. HP: 31/31 MP: 2/11
  1143 | D:2      | Found a runed door.
  1143 | D:2      | Noticed a human
  1146 | D:2      | Found a basalt altar of Yredelemnul.
  1350 | D:2      | Killed a human
  1350 | D:2      | Reached XP level 6. HP: 10/36 MP: 1/13
  1532 | D:2      | Learned a level 4 spell: Sticky Flame
  1793 | D:3      | Noticed flopdemafkees's ghost (amateur MfIE)
  1981 | D:3      | Killed flopdemafkees's ghost
  1981 | D:3      | Reached skill level 5 in Conjurations
  2079 | D:3      | Reached skill level 5 in Fire Magic
  2146 | D:3      | Found an opulent altar of Gozag.
  2257 | D:3      | Learned a level 3 spell: Confuse
  2275 | D:3      | Reached XP level 7. HP: 40/41 MP: 11/14
  2295 | D:3      | Found a sacrificial altar of Ru.
  2653 | D:4      | Noticed Blork the orc
  2669 | D:4      | Killed Blork the orc
  2669 | D:4      | Reached skill level 1 in Hexes
  2784 | D:4      | Found an iron altar of Okawaru.
  3005 | D:4      | Found a hide-covered altar of Uskayaw.
  3007 | D:4      | Found a snail-covered altar of Cheibriados.
  3081 | D:4      | Found a basalt altar of Yredelemnul.
  3091 | D:4      | Found a stormy altar of Qazlal.
  3117 | D:4      | Found Gois's Weapon Boutique.
  3120 | D:4      | Noticed Grinder
  3151 | D:4      | Killed Grinder
  3151 | D:4      | Reached skill level 5 in Spellcasting
  3151 | D:4      | Reached skill level 6 in Conjurations
  3617 | D:5      | Entered Level 5 of the Dungeon
  3630 | D:5      | Reached XP level 8. HP: 37/46 MP: 12/17
  4106 | D:5      | Noticed flopdemafkees's ghost (amateur SpCj)
  4147 | D:5      | Gained mutation: Your flesh is heat resistant. (rF+) [potion of beneficial mutation]
  4153 | D:5      | Gained mutation: Your muscles are strong. (Str +2) [potion of beneficial mutation]
  4431 | D:5      | Killed flopdemafkees's ghost
  4431 | D:5      | Reached skill level 1 in Fighting
  4897 | D:6      | Found a shadowy altar of Dithmenos.
  4903 | D:6      | Reached skill level 1 in Shields
  4905 | D:6      | Noticed Eustachio
  4943 | D:6      | Killed Eustachio
  4957 | D:6      | Found a staircase to the Ecumenical Temple.
  4964 | D:6      | Found a burning altar of Makhleb.
  5118 | D:6      | Reached XP level 9. HP: 35/54 MP: 2/19
  5125 | Temple   | Entered the Ecumenical Temple
  5334 | Temple   | Became a worshipper of Ashenzari the Shackled
  5731 | D:7      | Reached skill level 5 in Shields
  5786 | D:7      | Found a bloodstained altar of Trog.
  5877 | D:7      | Found a sand-covered staircase.
  5886 | Ossuary  | Entered an ossuary
  6387 | D:7      | Reached skill level 7 in Conjurations
  6404 | D:7      | Reached skill level 1 in Polearms
  6592 | D:7      | Found Aguyh's Assorted Antiques.
  6600 | D:7      | Bought a scroll of identify for 60 gold pieces
  6600 | D:7      | Bought a scroll of identify for 60 gold pieces
  6600 | D:7      | Bought a scroll labeled CIOSEIL TORUD for 30 gold pieces
  6600 | D:7      | Bought a scroll labeled LAHIFAUMME for 30 gold pieces
  6600 | D:7      | Bought a fuming black potion for 27 gold pieces
  6698 | D:7      | Learned a level 5 spell: Fireball
  7030 | D:8      | Found Yfups's Antique Weapon Boutique.
  7052 | D:8      | Found Igusuaf's Weapon Boutique.
  7135 | D:8      | Identified the +2 leather armour of Impatience {+Inv SInv}
  7149 | D:8      | Reached * piety under Ashenzari
  7171 | D:8      | Found a flagged portal.
  7186 | Bailey   | Entered a bailey
  7577 | Bailey   | Found an iron altar of Okawaru.
  7713 | D:8      | Reached XP level 10. HP: 57/63 MP: 11/21
  8168 | D:8      | Found a staircase to the Lair.
  8589 | D:8      | Reached skill level 1 in Maces & Flails
  8864 | D:9      | Noticed a brown ugly thing
  8881 | D:9      | Killed a brown ugly thing
  9055 | D:9      | Reached skill level 8 in Conjurations
  9381 | D:9      | Noticed Erolcha
  9396 | D:9      | Killed Erolcha
  9586 | D:9      | Reached ** piety under Ashenzari
  9753 | D:10     | Entered Level 10 of the Dungeon
  9835 | Lair:1   | Entered Level 1 of the Lair of Beasts
  9845 | Lair:1   | Learned a level 3 spell: Regeneration
  9857 | Lair:1   | Noticed a spiny frog
  9867 | Lair:1   | Killed a spiny frog
  9867 | Lair:1   | Reached XP level 11. HP: 50/70 MP: 5/23
 10111 | Lair:1   | Reached skill level 5 in Dodging
 10171 | Lair:1   | Noticed a five-headed hydra
 10187 | Lair:1   | Killed a five-headed hydra
 10258 | Lair:1   | Noticed Nergalle
 10358 | Lair:1   | Reached skill level 5 in Fighting
 10472 | Lair:1   | Reached skill level 9 in Conjurations
 10563 | Lair:1   | Learned a level 1 spell: Summon Butterflies
 10840 | Lair:1   | Reached skill level 5 in Maces & Flails
 11053 | Lair:1   | Killed Nergalle
 11495 | Lair:2   | Gained mutation: You have a pair of small horns on your head. [potion of mutation]
 11664 | Lair:2   | HP: 1/72 [merfolk/trident (14)]
 11676 | Lair:2   | Hit by a tomahawk thrown by a merfolk

Skill      XL: |  1  2  3  4  5  6  7  8  9 10 11 |
---------------+----------------------------------+-----
Conjurations   | 2 3 4 5 6 7 8 9 |  9.3
Spellcasting   | 3 4 5 6 7 8 |  8.7
Fire Magic     | 4 5 6 7 8 |  8.5
Hexes          | 2 3 |  3.0
Fighting       | 1 3 4 5 |  5.8
Shields        | 4 5 |  5.5
Polearms       | 2 |  2.6
Dodging        | 3 4 6 |  6.2
Maces & Flails | 4 5 |  5.3
Stealth        | |  2.1

Action                   |  1- 3 |  4- 6 |  7- 9 | 10-12 || total
-------------------------+-------+-------+-------+-------++-------
Melee: Unarmed           |     5 |       |       |       ||     5
       Dagger            |    17 |    28 |       |       ||    45
       Trident           |       |    74 |   406 |    81 ||   561
       Whip              |       |       |       |   219 ||   219
       Headbutt          |       |       |       |     1 ||     1
 Cast: Flame Tongue      |    33 |    31 |   159 |    36 ||   259
       Throw Flame       |     3 |    13 |    59 |    40 ||   115
       Conjure Flame     |       |     5 |     6 |     6 ||    17
       Sticky Flame      |       |     1 |    34 |    42 ||    77
       Confuse           |       |       |     7 |     1 ||     8
       Fireball          |       |       |     5 |    16 ||    21
Invok: Curse Item        |       |       |     2 |     1 ||     3
Evoke: Wand              |       |       |       |     3 ||     3
  Use: Potion            |       |       |     4 |     3 ||     7
       Scroll            |       |       |    13 |     9 ||    22
 Stab: Sleeping          |     1 |     1 |     9 |     1 ||    12
       Distracted        |       |       |       |     1 ||     1
  Eat: Chunk             |     1 |     5 |    16 |    10 ||    32
       Beef jerky        |       |       |     1 |     1 ||     2
       Pizza             |       |       |     1 |     1 ||     2
       Meat ration       |       |       |     1 |       ||     1
       Fruit             |       |       |       |     3 ||     3
       Bread ration      |       |       |       |     1 ||     1
Armor: Robe              |     9 |    23 |   198 |    97 ||   327
Dodge: Dodged            |    36 |    57 |   315 |   215 ||   623
Block: Buckler           |       |       |   135 |   118 ||   253
